 Dungeon Crawl Stone Soup version 0.30-a0-305-g026cb31310 (webtiles) character file.

Game seed: 4745856143665415115

143278 freelancePsychic the Warrior (level 17, -18/115 HPs)
             Began as a Tengu Brigand on Oct 21, 2022.
             Was a High Priest of Lugonu.
             Killed from afar by a Hell Sentinel (39 damage)
             ... with damnation
             ... summoned by a deep elf demonologist
             ... on level 3 of the Elven Halls.
             The game lasted 01:02:21 (28268 turns).

freelancePsychic the Warrior (Tengu Brigand)       Turns: 28268, Time: 01:02:22

Health: -18/115    AC: 19    Str: 11    XL:     17   Next: 37%
Magic:  23/23      EV: 28    Int: 12    God:    Lugonu [*****.]
Gold:   1858       SH: 24    Dex: 30    Spells: 16/16 levels left

rFire   + . .      SeeInvis .    b - +6 double sword (freeze)
rCold   + + .      Faith    .    N - +2 kite shield {reflect}
rNeg    . . .      Spirit   .    G - +3 acid dragon scales
rPois   .          Reflect  +    (helmet restricted)
rElec   .          Harm     .    j - +2 cloak {rCorr}
rCorr   +          Rampage  .    q - +4 pair of gloves of the Shrieking Slug {*Corrode Will++ Str-2 Dex+2}
Will    +++++                    (boots unavailable)
Stlth   +++++.....               h - amulet of reflection
HPRegen 0.39/turn                Q - ring of Docemm {rC++ Will++ Dex+6 Stlth+}
MPRegen 0.18/turn                (no ring)

@: flying quickly and evasively, studying Shields, quick
A: beak, talons 3, nimble flight, fire resistance 1, strong-willed 1, mutation
resistance 1
a: Renounce Religion, Depart the Abyss, Banish, Corrupt, Enter the Abyss


You were on level 3 of the Elven Halls.
You worshipped Lugonu.
Lugonu was extremely pleased with you.
You visited 5 branches of the dungeon, and saw 26 of its levels.
You visited the Abyss 1 time.
You also visited: Bailey, Gauntlet and Ice Cave.

You collected 2949 gold pieces.
You spent 1091 gold pieces at shops.

Inventory:

Hand Weapons
 a - a +3 short sword of electrocution
 b - a +6 double sword of freezing (weapon)
Missiles
 d - 43 poisoned darts (quivered)
 e - 2 curare-tipped darts
 t - 24 javelins
 M - 12 boomerangs
 S - 4 throwing nets
Armour
 j - a +2 cloak of preservation (worn)
 q - the +4 pair of gloves of the Shrieking Slug (worn) {*Corrode Will++ Str-2 Dex+2}
   (You found it in a Gauntlet)

   Str:       It affects your strength (-2).
   Dex:       It affects your dexterity (+2).
   *Corrode:  It may corrode you when you take damage.
   Will:      It greatly increases your willpower.
 G - +3 acid dragon scales (worn)
 J - a +1 kite shield of cold resistance
 N - a +2 kite shield of reflection (worn)
Jewellery
 h - an amulet of reflection (around neck)
 F - a ring of fire
 Q - the ring of Docemm (left hand) {rC++ Will++ Dex+6 Stlth+}
   (You acquired it on level 8 of the Dungeon)

   [ring of dexterity]

   Dex:       It affects your dexterity (+6).
   rC:        It greatly protects you from cold.
   Will:      It greatly increases your willpower.
   Stlth:     It makes you more stealthy.
 T - an amulet of regeneration
Wands
 f - a wand of iceblast (30)
 v - a wand of light (11)
 w - a wand of polymorph (4)
 y - a wand of flame (12)
 B - a wand of mindburst (8)
 W - a wand of paralysis (20)
Scrolls
 c - 7 scrolls of identify {@r1}
 g - a scroll of poison
 i - 9 scrolls of teleportation {@r4}
 n - 5 scrolls of amnesia
 o - 3 scrolls of fear
 z - 3 scrolls of magic mapping
 D - 4 scrolls of fog
 E - a scroll of silence
 H - 4 scrolls of vulnerability
 K - 2 scrolls of immolation
 L - 4 scrolls of torment
 O - a scroll of brand weapon
 Y - 2 scrolls of summoning
 Z - 4 scrolls of blinking
Potions
 k - 3 potions of mutation
 l - 4 potions of lignification
 m - 5 potions of haste {@q3}
 r - 3 potions of resistance
 s - 7 potions of might
 u - 3 potions of ambrosia
 x - 7 potions of degeneration
 A - 7 potions of magic
 C - 6 potions of brilliance
 I - 4 potions of berserk rage
 P - 2 potions of cancellation
 R - 3 potions of heal wounds {@q2}
 V - 7 potions of curing {@q1}
 X - a potion of flight
Miscellaneous
 p - a phantom mirror
 U - a condenser vane


   Skills:
 + Level 16.2 Fighting
 - Level 10.0(13.6) Short Blades
 - Level 14.8(16.0) Long Blades
 - Level 2.0 Throwing
 - Level 5.7 Armour
 - Level 13.2 Dodging
 - Level 6.0 Stealth
 * Level 15.9 Shields
 + Level 7.6 Invocations


You had 16 spell levels left.
You didn't know any spells.
Your spell library contained the following spells:

 Spells                   Type           Power      Damage    Failure   Level
 Beastly Appendage        Tmut           0%         N/A       63%         1
 Magic Dart               Conj           0%         1d3       63%         1
 Shock                    Conj/Air       0%         1d3       63%         1
 Sting                    Tmut/Pois      0%         1d3       63%         1
 Summon Small Mammal      Summ           0%         N/A       63%         1
 Blink                    Tloc           0%         N/A       77%         2
 Call Imp                 Summ           0%         N/A       77%         2
 Ensorcelled Hibernation  Hex/Ice        0%         N/A       77%         2
 Momentum Strike          Conj/Tloc      0%         3d8       77%         2
 Poisonous Vapours        Pois/Air       0%         N/A       77%         2
 Searing Ray              Conj           0%         2d4       77%         2
 Sublimation of Blood     Necr           0%         N/A       77%         2
 Wereblood                Tmut           0%         N/A       77%         2
 Call Canine Familiar     Summ           0%         N/A       94%         3
 Dazzling Flash           Conj/Hex       0%         N/A       94%         3
 Frozen Ramparts          Ice            0%         1d1       94%         3
 Gell's Gravitas          Tloc           0%         N/A       94%         3
 Lesser Beckoning         Tloc           0%         N/A       94%         3
 Mephitic Cloud           Conj/Pois/Air  0%         N/A       94%         3
 Ozocubu's Armour         Ice            0%         N/A       94%         3
 Spider Form              Tmut/Pois      0%         N/A       94%         3
 Summon Guardian Golem    Hex/Summ       0%         N/A       94%         3
 Teleport Other           Tloc           0%         N/A       94%         3
 Vhi's Electric Charge    Tloc/Air       0%         N/A       94%         3
 Fulminant Prism          Conj/Hex       0%         3d6       100%        4
 Iskenderun's Mystic Bla  Conj/Tloc      0%         2d3       100%        4
 Leda's Liquefaction      Hex/Erth       0%         N/A       100%        4
 Olgreb's Toxic Radiance  Pois           0%         N/A       100%        4
 Petrify                  Tmut/Erth      0%         N/A       100%        4
 Arcjolt                  Conj/Air       0%         1d10      100%        5
 Lee's Rapid Deconstruct  Erth           0%         3d4*      100%        5
 Metabolic Englaciation   Hex/Ice        0%         N/A       100%        5
 Dispersal                Tloc           0%         N/A       100%        6
 Iron Shot                Conj/Erth      0%         9d1       100%        6
 Starburst                Conj/Fire      0%         6d3       100%        6
 Statue Form              Tmut/Erth      0%         N/A       100%        6
 Ozocubu's Refrigeration  Ice            0%         4d7       100%        7
 Summon Hydra             Summ           0%         N/A       100%        7
 Discord                  Hex            0%         N/A       100%        8
 Maxwell's Capacitive Co  Air            0%         ∞         100%        8
 Chain Lightning          Conj/Air       0%         N/A       100%        9
 Polar Vortex             Ice            0%         N/A       100%        9


Dungeon Overview and Level Annotations

Branches:
Dungeon (15/15)            Temple (1/1) D:5            Lair (5/5) D:10
 Shoals (0/4) Lair:3       Spider (0/4) Lair:2        Slime (0/5) Lair:5
    Orc (2/2) D:12            Elf (3/3) Orc:2        Vaults (0/5) D:13
 Depths (0/4) D:15         Bailey (visited)           IceCv (visited)
Gauntlet (visited)

Altars:
Ashenzari
Cheibriados
Dithmenos
Elyvilon
Fedhas
Gozag
Hepliaklqana
Kikubaaqudgha
Makhleb
Nemelex Xobeh
Okawaru
Qazlal
Ru
Sif Muna
Trog
Uskayaw
Vehumet
Wu Jian
Xom
Yredelemnul
Zin
The Shining One
Ignis
Lugonu

Shops:
D:9 (   D:10 [   D:12 *([*   Orc:2 :[([*

Portals:
Abyss: Lair:5
Trove: D:12 (give 7 potions of haste)

Annotations:
D:9 3 runed translucent doors, Darkkill's ghost, novice VSCj
Lair:2 3 runed translucent doors, holysushi's ghost, journeyman MeEE


Innate Abilities, Weirdness & Mutations

You have a beak for a mouth.
You have claws for feet.
Your magical nature lets you fly swiftly and evasively.
Your flesh is heat resistant. (rF+)
You are strong-willed. (Will+)
You are somewhat resistant to further mutation.


Message History

You hit the Hell Sentinel but do no damage.
The Hell Sentinel is lightly wounded.
A deep elf death mage comes into view. It is wielding a +0 rapier.
The deep elf demonologist gestures wildly while chanting.
The Hell Sentinel closely misses you.
The Hell Sentinel completely misses you.
You slash the Hell Sentinel!
You peck the Hell Sentinel, but do no damage.
The Hell Sentinel is lightly wounded.
The deep elf death mage beckons forth a restless soul!
The Hell Sentinel misses you. The Hell Sentinel hits you!
The hellion gestures at you.
The sphere of damnation explodes!
The damnation engulfs you!!
The damnation engulfs the Hell Sentinel.
The Hell Sentinel completely resists.
You hear a shout! x4
You hit the Hell Sentinel but do no damage.
You claw the Hell Sentinel, but do no damage.
You peck the Hell Sentinel, but do no damage.
The Hell Sentinel is lightly wounded.
The Hell Sentinel gestures at you.
The sphere of damnation explodes!
The damnation engulfs you!!!
The damnation engulfs the Hell Sentinel.
The Hell Sentinel completely resists.
The hellion gestures at you.
The sphere of damnation explodes!
The damnation engulfs you!!
* * * LOW HITPOINT WARNING * * *
The damnation engulfs the Hell Sentinel.
The Hell Sentinel completely resists.
You hear a shout! x4
Blink to where?
Press: ? - help, Dir - move target
As you read the scroll of blinking, it crumbles to dust.
As you read the scroll of fog, it crumbles to dust.
The scroll dissolves into smoke.
You reach down and open the door.
There is an open door here.
The Hell Sentinel gestures at you.
The sphere of damnation explodes!
The damnation engulfs you!!!
You die...

.......# #.....#.####........# #.
.###.#####.....'.......####..###.
.##8.8#..'....###.###...# #......
#.......##...## #.# ###.# ##.###.
..#8.8#####.## #.# #.# #.# #.
..##.## ### #.#####.# ##.# #.
.....# ##.......# #..###. ....##
#..####..###...... ..).# #@##
#......##### .<..##
####'######.###+# ##?..##
##........##.#
.'....######.§.......##.#
##.....##..'§.....§§.+...
##.....'...#....§§§.§##.#
###....###.##..§1§§§.##+# ###+##
#.##+##§§§§§.... #####.##
#.##.#.§.§§.....


You could see a Hell Sentinel (summoned).

Vanquished Creatures
  Kirke (Lair:4)
  A frost giant (D:15)
  A deep elf sorcerer (Elf:1)
  2 orc warlords (Orc:2)
  A minotaur (Gauntlet)
  A deep elf death mage (Elf:2)
  A fire dragon (D:12)
  A deep elf high priest (Elf:3)
  Harold (D:11)
  2 vault guards (Bailey)
  An ogre mage (D:13)
  A catoblepas (Gauntlet)
  4 hydras
  5 boulder beetles
  3 two-headed ogres
  8 centaur warriors
  30 dancing weapons
  4 tengu warriors (D:15)
  4 thrashing horrors (Lair:5)
  2 death yaks (Lair:2)
  4 orc high priests
  7 deep elf knights
  A skeletal warrior (D:14)
  2 bog bodies (IceCv)
  Pikel (D:5)
  28 deep elf pyromancers
  20 deep elf zephyrmancers
  6 orc knights
  A faun (shapeshifter) (Elf:1)
  4 cyclopes
  3 deep elf archers
  5 orc sorcerers
  A worldbinder (Abyss:3)
  4 ugly things
  A wolf spider (Lair:3)
  A large abomination (Lair:5)
  2 manticores
  13 elephants
  A merfolk siren (Lair:3)
  An ice statue (IceCv)
  A guardian serpent (shapeshifter) (D:13)
  Maurice (D:12)
  3 smoke demons (Lair:5)
  6 black mambas
  An unseen horror (D:13)
  3 torpor snails
  11 cane toads
  2 gargoyles
  3 rime drakes (Lair:3)
  2 kobold demonologists
  4 yaktaurs (D:13)
  8 komodo dragons
  A komodo dragon (shapeshifter) (D:15)
  7 tengu conjurers
  2 freezing wraiths
  A hellwing (Abyss:3)
  3 ice devils
  3 ancient zymes
  A merfolk (shapeshifter) (Lair:5)
  8 trolls
  A polar bear (shapeshifter) (D:10)
  A tyrant leech (Gauntlet)
  Prince Ribbit (Bailey)
  9 slime creatures
  28 blink frogs
  Sigmund (D:3)
  2 wraiths
  2 shadows (D:12)
  46 yaks
  2 spriggans (Lair:5)
  6 wyverns
  A vampire (D:10)
  An air elemental (Elf:3)
  2 ynoxinuls (Lair:5)
  A dire elephant simulacrum (IceCv)
  7 basilisks
  A steam dragon (Lair:3)
  4 fire elementals
  7 humans (Bailey)
  2 death yak simulacra (IceCv)
  A chaos spawn (Lair:5)
  2 two-headed ogre zombies (D:12)
  4 wargs
  8 vampire mosquitoes (D:14)
  A harpy simulacrum (IceCv)
  3 acid dragons
  2 swamp worms (Gauntlet)
  9 water moccasins
  2 sky beasts
  29 orc warriors
  2 black bears
  An ice beast (D:6)
  12 ogres
  15 centaurs
  4 wolves
  6 kobold brigands
  20 bullfrogs
  4 necrophages
  4 two-headed ogre simulacra (IceCv)
  4 gnoll sergeants
  4 scorpions
  Blork the orc (D:6)
  3 cane toad simulacra (IceCv)
  5 earth elementals
  8 wights
  2 water moccasin zombies (D:5)
  A troll zombie (D:12)
  13 small abominations (Lair:5)
  9 killer bees
  2 elephant simulacra (IceCv)
  6 howler monkeys
  A human zombie (D:5)
  2 centaur zombies (D:10)
  2 hounds
  2 jellies
  3 orc priests
  A gnoll bouda (D:9)
  2 iguanas (D:6)
  19 orc wizards
  15 hell rats
  2 polar bear simulacra (IceCv)
  7 troll simulacra (IceCv)
  5 spriggan simulacra (IceCv)
  4 wolf simulacra (IceCv)
  2 scorpion zombies (D:5)
  5 ogre zombies (D:12)
  A hound zombie (D:5)
  A mummy (D:5)
  A howler monkey zombie (D:5)
  18 gnolls
  6 naga simulacra (IceCv)
  6 river rats (Lair:1)
  2 adders (D:4)
  3 shadow imps
  12 white imps
  4 ufetubi (IceCv)
  2 adder zombies (D:5)
  A worm (shapeshifter) (Lair:5)
  2 worms
  76 orcs
  4 ball pythons
  2 bats (D:1)
  6 endoplasms
  2 giant cockroaches
  10 hobgoblins
  11 jackals
  A quokka (D:2)
  3 frilled lizards
  11 goblins
  2 goblin zombies (D:12)
  2 hobgoblin skeletons (D:12)
  2 hobgoblin zombies (D:12)
  15 kobolds
  5 orc skeletons (D:12)
  14 orc zombies (D:12)
  7 rats
867 creatures vanquished.

Vanquished Creatures (others)
  5 humans (Lair:4)
  A bullfrog (Lair:4)
  A small abomination (Lair:5)
  2 orcs (Orc:2)
  A kobold (D:13)
  29 fungi
  116 plants
155 creatures vanquished.

Grand Total: 1022 creatures vanquished

Notes
Turn   | Place    | Note
-------+----------+-------------------------------------------
     0 | D:1      | freelancePsychic the Tengu Brigand began the quest for the
                  | Orb.
     0 | D:1      | Reached XP level 1. HP: 12/12 MP: 2/2
     0 | D:1      | Noticed a dwarf
     0 | D:1      | Noticed an octopode
     1 | D:1      | Noticed an octopode
     2 | D:1      | Noticed a minotaur
     4 | D:1      | Noticed a human
     6 | D:1      | Noticed a dwarf
     7 | D:1      | Noticed a naga
     8 | D:1      | Noticed a minotaur
     9 | D:1      | Noticed a minotaur
    11 | D:1      | Noticed an octopode
    13 | D:1      | Noticed a felid
    15 | D:1      | Noticed a vampire
    15 | D:1      | Noticed a naga
    17 | D:1      | Noticed a formicid
    19 | D:1      | Noticed a felid
    21 | D:1      | Noticed a gargoyle
   322 | D:1      | Reached XP level 2. HP: 17/17 MP: 3/3
   718 | D:2      | Reached XP level 3. HP: 21/21 MP: 4/4
  1249 | D:3      | Found a snail-covered altar of Cheibriados.
  1380 | D:3      | Found a faded altar of an unknown god.
  1393 | D:3      | Prayed at the altar of an unknown god.
  1393 | D:3      | Became a worshipper of Ignis, the Dying Flame
  1445 | D:3      | Found an iron altar of Okawaru.
  1460 | D:3      | Noticed Sigmund
  1481 | D:3      | Killed Sigmund
  1482 | D:3      | Reached XP level 4. HP: 17/26 MP: 5/5
  1482 | D:3      | Gained mutation: Your magical nature lets you fly swiftly
                  | and evasively. [Tengu growth]
  1482 | D:3      | Reached XP level 5. HP: 20/30 MP: 6/6
  1743 | D:3      | Found an ornate altar of the Wu Jian Council.
  2025 | D:4      | Reached XP level 6. HP: 32/36 MP: 7/7
  2485 | D:4      | Found a blossoming altar of Fedhas.
  2542 | D:5      | Entered Level 5 of the Dungeon
  2640 | D:5      | Reached skill level 3 in Fighting
  2642 | D:5      | Found a staircase to the Ecumenical Temple.
  2695 | Temple   | Entered the Ecumenical Temple
  2820 | D:5      | Noticed Pikel
  2844 | D:5      | Killed Pikel
  2845 | D:5      | Reached skill level 4 in Fighting
  2845 | D:5      | Reached XP level 7. HP: 24/44 MP: 8/8
  2845 | D:5      | Reached XP level 8. HP: 27/48 MP: 9/9
  3430 | D:5      | Reached skill level 5 in Dodging
  3539 | D:5      | Reached skill level 5 in Fighting
  3876 | D:5      | Found an ancient bone altar of Kikubaaqudgha.
  4228 | D:6      | Reached skill level 6 in Fighting
  4228 | D:6      | Reached XP level 9. HP: 51/55 MP: 10/10
  4616 | D:6      | Noticed Blork the orc
  4641 | D:6      | Killed Blork the orc
  5846 | D:7      | Reached skill level 7 in Fighting
  6179 | D:8      | Identified a scroll of acquirement
  6180 | D:8      | Acquired the ring of Docemm {rC++ Will++ Dex+6 Stlth+}
  6229 | D:8      | Found a flagged portal.
  6242 | Bailey   | Entered a bailey
  6293 | Bailey   | Reached XP level 10. HP: 64/64 MP: 11/11
  6444 | Bailey   | Reached skill level 8 in Fighting
  6594 | Bailey   | Noticed Prince Ribbit
  6594 | Bailey   | Noticed a vault guard
  6616 | Bailey   | Killed Prince Ribbit
  6670 | Bailey   | Killed a vault guard
  6671 | Bailey   | Reached skill level 10 in Short Blades
  6851 | Bailey   | Noticed a vault guard
  6883 | Bailey   | Killed a vault guard
  6884 | Bailey   | Reached skill level 9 in Fighting
  7275 | D:8      | Reached skill level 10 in Dodging
  7348 | D:8      | Reached XP level 11. HP: 71/71 MP: 12/12
  7352 | D:8      | Found an opulent altar of Gozag.
  7801 | D:8      | Found a stormy altar of Qazlal.
  7921 | D:9      | Noticed a harpy
  7922 | D:9      | Noticed Darkkill's ghost (novice VSCj)
  7928 | D:9      | Found a runed translucent gate.
  7941 | D:9      | Found a runed translucent gate.
  7941 | D:9      | Found a runed translucent gate.
  7979 | D:9      | Reached skill level 10 in Fighting
  8093 | D:9      | Found a sparkling altar of Nemelex Xobeh.
  8123 | D:9      | Identified the +1 ring mail of the Harvest Moon {Rampage
                  | Regen+ Int+5 Dex-3}
  8197 | D:9      | Noticed a two-headed ogre
  8263 | D:9      | Killed a two-headed ogre
  8572 | D:9      | Found Akim Ofu's Weapon Shop.
  8580 | D:9      | Bought a +3 vampiric long sword for 412 gold pieces
  8750 | D:10     | Entered Level 10 of the Dungeon
  8762 | D:10     | Found a hazy altar of Hepliaklqana.
  8803 | D:10     | Found a shimmering blue altar of Sif Muna.
  8803 | D:10     | Noticed a fire crab
  8846 | D:10     | Reached skill level 1 in Long Blades
  9098 | D:10     | Reached skill level 1 in Shields
  9536 | D:10     | Found a basalt altar of Yredelemnul.
  9608 | D:10     | Found Xesherpheycw's Armour Shoppe.
  9643 | D:10     | Found a staircase to the Lair.
 10158 | D:11     | Noticed Harold
 10251 | D:11     | Noticed a two-headed ogre
 10276 | D:11     | Killed Harold
 10291 | D:11     | Killed a two-headed ogre
 10292 | D:11     | Reached skill level 5 in Long Blades
 10531 | D:11     | Identified the ring of Lietasm {Ice Str+4}
 10541 | D:11     | Reached XP level 12. HP: 75/79 MP: 13/13
 10582 | D:11     | Noticed a two-headed ogre
 10596 | D:11     | Killed a two-headed ogre
 10908 | D:12     | Found Xeveveh Koma's Antique Weapon Emporium.
 10914 | D:12     | Found an opulent altar of Gozag.
 10950 | D:12     | Found Ydugoah's General Store.
 10960 | D:12     | Reached skill level 11 in Fighting
 10970 | D:12     | Noticed a boulder beetle
 10983 | D:12     | Found a gate leading to a gauntlet.
 10992 | Gauntlet | Entered a Gauntlet
 10992 | Gauntlet | Noticed a catoblepas
 10992 | Gauntlet | Found a transporter.
 10999 | Gauntlet | Found a transporter.
 11001 | Gauntlet | Found a transporter.
 11012 | Gauntlet | Found a transporter.
 11015 | Gauntlet | Found a transporter.
 11021 | Gauntlet | Found a runed translucent gate.
 11021 | Gauntlet | Found a runed translucent gate.
 11024 | Gauntlet | Found a runed translucent gate.
 11024 | Gauntlet | Found a transporter.
 11040 | Gauntlet | Found a transporter.
 11051 | Gauntlet | Found a transporter.
 11061 | Gauntlet | Noticed a green death
 11063 | Gauntlet | Found a transporter.
 11071 | Gauntlet | Found a runed translucent door.
 11071 | Gauntlet | Found a runed translucent door.
 11077 | Gauntlet | Found a transporter.
 11092 | Gauntlet | Found a transporter.
 11092 | Gauntlet | Found a transporter.
 11135 | Gauntlet | Found a transporter.
 11149 | Gauntlet | Found a transporter.
 11270 | Gauntlet | Killed a catoblepas
 11371 | Gauntlet | Identified the +4 pair of gloves of the Shrieking Slug
                  | {*Corrode Will++ Str-2 Dex+2}
 11424 | Gauntlet | Noticed a minotaur
 11442 | Gauntlet | Gained mutation: Your flesh is heat resistant. (rF+)
                  | [potion of mutation]
 11442 | Gauntlet | Gained mutation: You are strong-willed. (Will+) [potion of
                  | mutation]
 11442 | Gauntlet | Gained mutation: You are somewhat resistant to further
                  | mutation. [potion of mutation]
 11448 | Gauntlet | Killed a minotaur
 11624 | D:12     | Found Migguil's Armour Shop.
 11659 | D:12     | Found a portal to a secret trove of treasure.
 11706 | D:12     | Found Gozag's Platinum Reserve.
 11759 | D:12     | Identified the +12 war axe of Arrival {freeze, Drain rN+++
                  | Dex+5}
 11788 | D:12     | Killed a boulder beetle
 12076 | D:12     | Noticed a centaur warrior
 12107 | D:12     | HP: 3/80 [something (16)]
 12107 | D:12     | Found a staircase to the Orcish Mines.
 12341 | D:12     | Killed a centaur warrior
 12530 | D:12     | Noticed Maurice
 12564 | D:12     | Killed Maurice
 12903 | D:12     | Bought a glowing great sword for 304 gold pieces
 13004 | Lair:1   | Entered Level 1 of the Lair of Beasts
 13022 | Lair:1   | Reached skill level 10 in Long Blades
 13426 | Lair:1   | Reached skill level 12 in Fighting
 13853 | Lair:2   | Found a runed translucent gate.
 13853 | Lair:2   | Found a runed translucent gate.
 13854 | Lair:2   | Found a runed translucent gate.
 13878 | Lair:2   | Reached XP level 13. HP: 86/86 MP: 14/14
 13900 | Lair:2   | Noticed holysushi's ghost (journeyman MeEE)
 13904 | Lair:2   | Noticed a minotaur
 13998 | Lair:2   | Reached skill level 1 in Armour
 14376 | Lair:2   | Found a hole to the Spider Nest.
 15060 | Lair:3   | Found a frozen archway.
 15096 | IceCv    | Entered an ice cave
 15617 | IceCv    | Got the Papyrus of Congelation
 15834 | IceCv    | Got the Quarto of the Cunning Welkin
 16290 | Lair:3   | Found a staircase to the Shoals.
 16497 | Lair:3   | Reached skill level 5 in Armour
 16608 | Lair:3   | Reached skill level 13 in Fighting
 17646 | Lair:4   | Noticed Kirke
 17655 | Lair:4   | Killed Kirke
 17656 | Lair:4   | Reached XP level 14. HP: 83/94 MP: 15/15
 17735 | Lair:4   | Identified the +4 trident of Itiememp {drain, Dex+2}
 17743 | Lair:4   | Identified the +4 scale mail of the Shouting Gods {Harm rF-
                  | Regen+ Dex+8}
 18107 | Lair:4   | Found a shimmering altar of Xom.
 18483 | Lair:5   | Entered Level 5 of the Lair of Beasts
 18519 | Lair:5   | Found a staircase to the Slime Pits.
 18708 | Lair:5   | Reached skill level 5 in Shields
 19877 | Lair:5   | Reached XP level 15. HP: 99/100 MP: 16/16
 20153 | Lair:5   | Reached skill level 14 in Fighting
 20561 | Lair:5   | Found a corrupted altar of Lugonu.
 20561 | Lair:5   | Found a one-way gate to the infinite horrors of the Abyss.
 20575 | Lair:5   | Fell from the grace of Ignis
 20575 | Lair:5   | Became a worshipper of Lugonu the Unformed
 20575 | Lair:5   | Reached * piety under Lugonu
 21045 | Orc:1    | Entered Level 1 of the Orcish Mines
 21214 | Orc:1    | You are sucked into a shaft and drop 1 floor!
 21214 | Orc:2    | Entered Level 2 of the Orcish Mines
 21236 | Orc:2    | Reached ** piety under Lugonu
 21383 | Orc:2    | Found Roiheff's Antique Weapon Shop.
 21410 | Orc:2    | Reached skill level 1 in Invocations
 21515 | Orc:2    | Found a staircase to the Elven Halls.
 21541 | Orc:2    | Found Ariph's Antique Armour Emporium.
 21541 | Orc:2    | Noticed an orc warlord
 21554 | Orc:2    | Found Buxaemech's Book Emporium.
 21863 | Orc:2    | Killed an orc warlord
 21921 | Orc:2    | Found Woffacrewei's General Store.
 21933 | Orc:2    | Reached *** piety under Lugonu
 21952 | Orc:2    | Bought a scroll of enchant weapon for 90 gold pieces
 22157 | Orc:2    | Noticed an orc warlord
 22193 | Orc:2    | Killed an orc warlord
 22226 | Orc:2    | Was forgiven by Ignis
 22255 | Orc:2    | Found Niorodoj's Antique Armour Emporium.
 22314 | Orc:2    | Bought a runed kite shield for 285 gold pieces
 22755 | Orc:1    | Reached **** piety under Lugonu
 23149 | D:13     | Reached skill level 10 in Shields
 23260 | D:13     | Found a gate to the Vaults.
 24325 | D:15     | Entered Level 15 of the Dungeon
 24332 | D:15     | Reached XP level 16. HP: 107/107 MP: 20/20
 24364 | D:15     | Reached skill level 15 in Fighting
 24511 | D:15     | Reached ***** piety under Lugonu
 24805 | D:15     | Found a staircase to the Depths.
 24812 | D:15     | Reached skill level 5 in Invocations
 25215 | Elf:1    | Entered Level 1 of the Elven Halls
 25931 | Elf:1    | Got Daoraa's Encyclopedia of Attacks
 26081 | Elf:1    | Acquired a manual of Shields
 26635 | Elf:2    | Found a runed translucent gate.
 26729 | Elf:2    | Found a runed translucent gate.
 26730 | Elf:2    | Found a runed translucent gate.
 27084 | Elf:2    | Reached XP level 17. HP: 115/115 MP: 23/23
 27159 | Abyss:3  | Cast into level 3 of the Abyss (+2 lajatang of distortion)
 27251 | Abyss:3  | Paralysed by accursed screaming for 1 turns
 27254 | Elf:2    | Escaped the Abyss
 27573 | Elf:2    | Reached skill level 16 in Fighting
 27587 | Elf:2    | Reached skill level 15 in Shields
 27879 | Elf:3    | Entered Level 3 of the Elven Halls
 28253 | Elf:3    | Noticed a Hell Sentinel
 28268 | Elf:3    | Killed from afar by a Hell Sentinel

Illustrated notes

Levels and vault maps discovered:
D:1:      shiori_arrival_whats_in_store_for_you, layout_loops_ring,
          hangedman_decor_points
D:2:      layout_basic, serial_bayou_lagoon_a
D:3:      layout_basic, nzn_wu_jian_council_hall, mainiacjoe_overflow_catwalk,
          amcnicky_altar_gilded, hellmonk_ecumenical_altar_lost_god,
          bh_walls_and_bars, uniq_sigmund
D:4:      layout_cave_pools, mainiacjoe_overflow_surrounded_room,
          serial_bayou_pond_d, grunt_ministairs_9
D:5:      layout_loops_corners, lemuel_mausoleum_altar_kikubaaqudgha,
          minmay_temple_entry_wispy, kennysheep_cluttered_room, uniq_pikel
D:6:      layout_basic, uniq_blork_the_orc
D:7:      layout_basic, minmay_unpleasant_kobolds
D:8:      layout_cave_pools, mainiacjoe_overflow_paths,
          nicolae_qazlal_eye_of_the_storm, enter_bailey_3
D:9:      layout_cave_pools, nemelex_spade_bored_becter, serial_shops, shop,
          serial_gnoll_camp, gnoll_camp_mini_loothouse, gnoll_camp_mini_hut,
          gnoll_camp_huts_basic, gnoll_camp_mini_doghouse, gammafunk_ghost_split
D:10:     layout_stronghold, mainiacjoe_overflow_chevrons,
          mainiacjoe_overflow_concentric_impassable,
          lemuel_zombie_altar_yredelemnul, serial_shops, nicolae_shop_trees
D:11:     layout_roguey, uniq_harold
D:12:     layout_basic, zombieorc2_lemuel, serial_shops, shop, shop,
          nicolae_shop_hallway_stairs, gauntlet_entry_generic,
          nicolae_trove_entry_crossroad, wad_floor_pattern_2,
          nicolae_gozag_zags_fifth_avenue, uniq_maurice
D:13:     layout_rooms, hangedman_vaults_entry_quadrant_bands,
          chequers_decorated_corner, grunt_ministairs_9
D:14:     layout_small_grid, corexii_hall_statues_x, lightli_fourway_metalbox
D:15:     grunt_enter_depths_snipers, layout_irregular_city,
          elves_outpost_lemuel
Temple:   jpeg_temple_clearing
Lair:1:   layout_roguey, kennysheep_abandoned_house, grunt_megastairs_5,
          serial_bayou_shore_b
Lair:2:   layout_layer_cave, dummy_spider_entry, maelrawn_ghost_gauntlet_escape
Lair:3:   nzn_winding_woodlands_stair_trap
          [nzn_winding_woodlands_5x15_longhouse,
          nzn_winding_woodlands_5x15_pockets,
          nzn_winding_woodlands_5x15_river_crossing,
          nzn_winding_woodlands_15x15_boxy_spiral,
          nzn_winding_woodlands_5x15_lazy_stream,
          nzn_winding_woodlands_5x15_sidewinder,
          nzn_winding_woodlands_5x15_pathside_ponds], layout_gridlike,
          minmay_shoals_entry_lonely_mermaid, portal_ice_cave_demonic_guard,
          serial_forest, infiniplex_forest_split, infiniplex_forest_end_2,
          infiniplex_forest_clump_large, infiniplex_forest_clump_double,
          infiniplex_forest_corner_1, infiniplex_forest_clump_medium,
          infiniplex_forest_clump_long, infiniplex_forest_fountain,
          infiniplex_forest_clump_curved, infiniplex_forest_clump_small
Lair:4:   layout_hall_layers, st_stairs_5, lemuel_centaur_altar, uniq_kirke
Lair:5:   hellmonk_lair_end_abyssal_woods, layout_loops_ring, slime_entry_1,
          kennysheep_basilisk_garden, grunt_megastairs_2, lemuel_fruit_tree
Orc:1:    cheibrodos_orc_arena, layout_caves, basic_altar
Orc:2:    grunt_orc_gardens, layout_caves, grunt_orc_garden, grunt_orc_garden,
          grunt_orc_garden, grunt_orc_garden, serial_shops, nicolae_square_shop
Elf:1:    layout_geoelf_octagon, minmay_elf_sorcery
Elf:2:    nicolae_elf_blades_crystal_corner, layout_gridlike, dk_noncrumbling_2,
          minivault_26
Elf:3:    grunt_elf_hall_branching, layout_gridlike, small_statue_intersection

Skill      XL: |  1  2  3  4  5  6  7  8  9 10 11 12 13 14 15 16 17 |
---------------+----------------------------------------------------+-----
Short Blades   | 3 4 6 7 9 10 | 10.0
Stealth        | 6 |  6.0
Dodging        | 2 4 6 8 10 11 12 13 | 13.2
Fighting       | 4 6 7 9 10 12 13 14 15 16 | 16.2
Long Blades    | 6 10 13 14 | 14.8
Shields        | 3 7 11 14 15 | 15.9
Armour         | 5 |  5.7
Invocations    | 4 6 7 |  7.6
Throwing       | |  2.0

Action                   |  1- 3 |  4- 6 |  7- 9 | 10-12 | 13-15 | 16-18 || total
-------------------------+-------+-------+-------+-------+-------+-------++-------
Melee: Dagger            |    72 |    56 |    38 |       |       |       ||   166
       Kick              |    15 |    18 |    67 |   288 |   458 |   143 ||   989
       Peck              |     7 |    11 |    59 |   171 |   313 |    96 ||   657
       Punch             |       |     1 |     2 |     4 |       |       ||     7
       Short sword       |       |       |   198 |   261 |    12 |     1 ||   472
       Long sword        |       |       |       |   443 |   305 |       ||   748
       Double sword      |       |       |       |       |   849 |   371 ||  1220
Throw: Dart              |    12 |    14 |    22 |    42 |     7 |     4 ||   101
       Javelin           |       |       |     2 |     5 |       |       ||     7
Invok: Fiery Armour      |       |     1 |     1 |     3 |     1 |       ||     6
       Banish            |       |       |       |       |     1 |       ||     1
       Depart the Abyss  |       |       |       |       |       |     1 ||     1
Evoke: Wand              |       |       |       |    18 |     6 |       ||    24
       Phantom mirror    |       |       |       |       |     1 |       ||     1
       Condenser vane    |       |       |       |       |     1 |       ||     1
  Use: Scroll            |       |     6 |     6 |    25 |    10 |     5 ||    52
       Potion            |       |       |       |     9 |     2 |       ||    11
 Stab: Sleeping          |     7 |     4 |    14 |    19 |    30 |    17 ||    91
       Invisible         |       |       |       |     4 |       |       ||     4
       Distracted        |       |       |       |     4 |    10 |       ||    14
Armor: Robe              |     8 |       |       |       |       |       ||     8
       Ring mail         |     8 |     8 |    52 |    35 |       |       ||   103
       Troll leather arm |       |       |       |    50 |       |       ||    50
       Acid dragon scale |       |       |       |    12 |   185 |    35 ||   232
       Skin              |       |       |       |     3 |       |       ||     3
Dodge: Dodged            |    28 |    35 |   118 |   577 |   911 |   169 ||  1838
Block: Buckler           |       |       |       |   127 |   163 |       ||   290
       Kite shield       |       |       |       |       |   739 |   267 ||  1006
       Reflection        |       |       |       |       |    59 |     4 ||    63

Table legend: (Time is in decaauts)
 A = Elapsed time spent in this place.
 B = Non-inter-level travel time spent in this place.
 C = Inter-level travel time spent in this place.
 D = Time resting spent in this place.
 E = Time spent auto-exploring this place.
 F = Levels seen in this place.
 G = Mean time per level.
                   A        B        C        D        E       F      G
               +--------+--------+--------+--------+--------+-----+--------+
         Total |  25985 |  24725 |   1260 |    424 |  18840 |  30 |  866.2 |
       Dungeon |  12881 |  12087 |    794 |    322 |   9291 |  15 |  858.7 |
        Temple |     77 |     65 |     12 |      0 |     54 |   1 |   77.0 |
          Lair |   6328 |   6028 |    300 |      0 |   4803 |   5 | 1265.6 |
  Orcish Mines |   1576 |   1507 |     69 |      0 |   1077 |   2 |  788.0 |
   Elven Halls |   2728 |   2645 |     83 |      0 |   2082 |   3 |  909.3 |
         Abyss |     87 |     87 |      0 |      0 |     45 |   1 |   87.0 |
        Bailey |    908 |    908 |      0 |     23 |    677 |   1 |  908.0 |
      Ice Cave |    843 |    843 |      0 |      0 |    515 |   1 |  843.0 |
      Gauntlet |    553 |    553 |      0 |     78 |    291 |   1 |  553.0 |
               +--------+--------+--------+--------+--------+-----+--------+

Top non-repeatable levels by time:
  Lair:5: 2100 daAuts
    D:12: 1690 daAuts
   Elf:2: 1425 daAuts
  Lair:3: 1398 daAuts
    D:10: 1298 daAuts
     D:5: 1297 daAuts
  Lair:2: 1191 daAuts
     D:6: 1127 daAuts
   Orc:2: 1071 daAuts
  Lair:4: 961 daAuts
   Elf:1: 952 daAuts
  Bailey: 908 daAuts
    D:11: 885 daAuts
   IceCv: 843 daAuts
     D:9: 783 daAuts
